AoeStats
← Witch

Arena

507829055Analyzed
4v4 RM · 14d ago on Sep 19, 2026· 45m 49s· 8 players
Game mode
Random Map
Map size
Large (8 player)
Population
200
Speed
Normal
Resources
Standard
Victory
Conquest
Starting age
Dark Age
Ending age
Imperial Age
RankedLock teamsTeams togetherTeam positionsShared explorationLock speedFull tech treeHidden civsTurbo modeCheats
Victory
Defeat
🇧🇷 Slavs · Brazil
777
+12
🇨🇳 Romans · China
733
+14
🇦🇷 Bohemians · Argentina
675
+16
🇧🇷 Persians · Brazil
570
+20
🇧🇷 Franks · Brazil
803
-20
🇹🇷 Huns · Türkiye
651
-14
🇨🇴 Bohemians · Colombia
646
-14
🇹🇷 Spanish · Türkiye
630
-14
xporx57248
0:42 Loom
12:28 Feudal Age
13:03 Double-Bit Axe
17:03 Castle Age
14:59 Horse Collar
18:01 Bow Saw
17:53 Heavy Plow
22:28 Stone Mining
23:28 Wheelbarrow
23:04 Gold Mining
24:37 Gold Shaft Mining
26:53 Hand Cart
32:37 Imperial Age
32:43 Forging
32:39 Scale Barding Armor
32:30 Man-at-Arms
34:25 Iron Casting
33:50 Scale Mail Armor
33:46 Pikeman
34:28 Squires
33:50 Long Swordsman
35:26 Conscription
35:29 Comitatenses
34:46 Halberdier
37:23 Blast Furnace
36:38 Chain Mail Armor
36:44 Chain Barding Armor
36:25 Elite Centurion
39:03 Crop Rotation
38:03 Capped Ram
39:47 Siege Ram
41:48 Plate Barding Armor
44:53 Legionary
Diego-NA
0:56 Loom
12:00 Feudal Age
13:11 Wheelbarrow
12:33 Double-Bit Axe
18:58 Horse Collar
26:09 Castle Age
24:21 Stone Mining
35:39 Imperial Age
33:43 Heavy Plow
36:15 Scale Barding Armor
36:10 Scale Mail Armor
36:47 Town Watch
38:41 Chemistry
37:59 Padded Archer Armor
37:51 Fletching
38:53 Bow Saw
40:55 Crossbowman
41:41 Thumb Ring
41:10 Heavy Camel Rider
42:24 Caravan
41:58 Capped Ram
43:23 Conscription
43:06 Husbandry
BeatNgu
0:29 Loom
10:35 Feudal Age
11:57 Wheelbarrow
11:24 Double-Bit Axe
12:37 Horse Collar
20:50 Castle Age
19:17 Stone Mining
19:33 Gold Mining
21:56 Hand Cart
21:44 Heavy Plow
21:57 Bow Saw
25:39 Gold Shaft Mining
27:36 Pikeman
28:33 Fletching
28:44 Scale Mail Armor
28:45 Elite Skirmisher
29:29 Squires
29:46 Town Watch
35:54 Chain Mail Armor
35:49 Forging
39:25 Imperial Age
39:24 Iron Casting
38:45 Bodkin Arrow
38:50 Padded Archer Armor
39:33 Capped Ram
39:37 Heavy Scorpion
40:40 Ballistics
40:31 Fortified Wall
40:27 Siege Engineers
40:30 Man-at-Arms
40:30 Halberdier
41:44 Plate Mail Armor
42:15 Blast Furnace
42:17 Long Swordsman
44:49 Two-Man Saw
44:22 Crop Rotation
43:36 Siege Ram
44:16 Two-Handed Swordsman
MatiasBernal758
0:28 Loom
12:56 Feudal Age
13:56 Double-Bit Axe
19:28 Castle Age
19:17 Town Watch
20:08 Wheelbarrow
20:56 Bow Saw
22:28 Pikeman
34:36 Fervor
37:34 Imperial Age
35:02 Horse Collar
36:58 Chemistry
36:44 Hand Cart
38:47 Halberdier
39:54 Heavy Plow
39:56 Town Patrol
42:03 Two-Man Saw
41:35 Arson
41:51 Squires
45:06 Murder Holes
Caligula
0:33 Loom
13:18 Feudal Age
15:17 Wheelbarrow
14:28 Town Watch
15:06 Horse Collar
22:17 Castle Age
22:39 Double-Bit Axe
23:00 Heavy Plow
23:31 Bow Saw
26:39 Hand Cart
32:09 Imperial Age
31:27 Fortified Wall
33:19 Chemistry
32:30 Murder Holes
34:32 Masonry
34:07 Treadmill Crane
35:42 Conscription
34:50 Pikeman
37:07 Architecture
37:12 Town Patrol
40:16 Halberdier
40:57 Squires
41:07 Elite Hussite Wagon
41:53 Wagenburg Tactics
d.mazeti
0:28 Loom
12:17 Feudal Age
16:22 Double-Bit Axe
18:52 Castle Age
21:05 Bow Saw
21:02 Stone Mining
21:14 Gold Mining
32:48 Imperial Age
31:46 Husbandry
32:51 Scale Barding Armor
34:13 Chivalry
40:05 Cavalier
41:57 Light Cavalry
Witch
0:34 Loom
10:50 Feudal Age
12:08 Wheelbarrow
11:36 Double-Bit Axe
12:16 Stone Mining
12:24 Gold Mining
15:20 Horse Collar
24:37 Castle Age
25:40 Bow Saw
25:56 Heavy Plow
27:27 Gold Shaft Mining
29:00 Hand Cart
31:58 Imperial Age
30:34 Husbandry
30:48 Bloodlines
30:40 Town Watch
31:09 Scale Barding Armor
31:06 Scale Mail Armor
31:17 Forging
31:24 Light Cavalry
35:05 Town Patrol
35:16 Cavalier
39:37 Guilds
40:44 Iron Casting
42:20 Chain Barding Armor
43:45 Paladin
Hellim
0:27 Loom
10:54 Feudal Age
12:41 Wheelbarrow
11:53 Double-Bit Axe
20:21 Castle Age
18:33 Horse Collar
18:45 Gold Mining
18:51 Stone Mining
21:25 Hand Cart
21:48 Bow Saw
31:17 Town Watch
32:41 Bloodlines
32:32 Husbandry
37:41 Imperial Age
37:51 Ballistics
37:29 Murder Holes
37:51 Thumb Ring
38:07 Caravan
39:02 Conscription
38:09 Cavalier
40:11 Chemistry
39:22 Fortified Wall
39:23 Masonry
40:51 Forging
40:46 Scale Barding Armor
40:32 Fletching
40:42 Scale Mail Armor
40:43 Padded Archer Armor
40:30 Onager
42:05 Hoardings
42:04 Town Patrol
42:42 Iron Casting
Connection lost

Rejoining the realm…

Still unreachable

The connection could not be restored.

Session expired

The server has moved on; the page needs a fresh start.